Map: Dusty Gorge

Players

PureLegacy - Winner!

  • Race: Terran Terran
  • Spawn Location: 5:00

HeroicRacist - Winner!

  • Race: Terran Terran
  • Spawn Location: 3:00

ChAoS

  • Race: Protoss Protoss
  • Spawn Location: 11:00

bigmacker

  • Race: Terran Terran
  • Spawn Location: 9:00

VOD

Have the link to the VOD?

Description

Time

  • Played on: Nov. 24, 2018, 9:45 a.m.
  • Length: 5:51
Show
View Real Time Build Order
Export as new Build Order

PureLegacy Terran - Winner!

Build Orders:  

Get SALT Encoding   

  12  0:00  SCV  
  13  0:13  SCV  
  14  0:18  Supply Depot  
  14  0:25  SCV  
  15  0:29  Refinery  
  15  0:39  SCV  
  16  0:46  Barracks  
  16  0:52  SCV  
  17  1:03  Barracks  
  17  1:16  Barracks  
  17  1:21  SCV  
  18  1:33  Reaper  
  19  1:40  Orbital Command  
  19  1:48  Refinery  
  19  1:51  Reaper  
  20  2:00  Supply Depot  
  20  2:04  Reaper  
  21  2:09  Reaper  
  21  2:13  SCV  
  23  2:23  Reaper  
  23  2:25  SCV  
  25  2:31  Supply Depot  
  25  2:41  Reaper  
  25  2:43  SCV  
  27  2:51  Reaper  
  27  2:55  SCV  
  29  3:00  Reaper  
  30  3:14  Reaper  
  31  3:27  Reaper  
  31  3:29  Command Center  
  31  3:31  SCV  
  31  3:32  Reaper  
  34  3:40  Supply Depot  
  34  3:41  Engineering Bay  
  34  3:52  Reaper  
  34  3:54  SCV  
  35  4:02  Reaper  
  36  4:06  SCV  
  36  4:07  Reaper  
  35  4:24  Reaper  
  36  4:34  Reaper  
  37  4:45  SCV  
  37  4:46  Orbital Command  
  37  4:47  Reaper  
  37  4:52  Barracks  
  38  4:53  Barracks  
  38  4:56  Reaper  
  39  5:00  SCV  
  40  5:13  Reaper  
  43  5:38  SCV  
  43  5:41  Refinery, Barracks  
  43  5:42  Refinery, Barracks  
  47  5:47  Supply Depot  
Show
View Real Time Build Order
Export as new Build Order

HeroicRacist Terran - Winner!

Build Orders:  

Get SALT Encoding   

  12  0:07  SCV  
  13  0:19  SCV  
  14  0:26  Supply Depot  
  14  0:27  Refinery  
  14  0:31  SCV  
  15  0:48  SCV  
  15  0:49  Barracks  
  16  0:56  Refinery  
  16  1:00  SCV  
  17  1:12  SCV  
  18  1:24  SCV  
  18  1:25  Supply Depot  
  19  1:36  SCV  
  20  1:40  Factory  
  20  1:45  Barracks Reactor  
  20  1:51  SCV  
  21  2:03  SCV  
  22  2:15  Barracks  
  22  2:16  SCV  
  23  2:28  SCV  
  24  2:33  Barracks Reactor  
  24  2:35  Hellion  
  24  2:36  Supply Depot  
  26  2:42  Hellion  
  28  2:45  SCV  
  29  3:02  Hellion  
  29  3:04  Hellion  
  29  3:05  Barracks Tech Lab  
  33  3:13  SCV  
  34  3:21  Marine x2  
  34  3:24  Hellion  
  32  4:45  SCV  
  33  4:49  Marine x2, Marauder  
  33  4:52  Hellion  
  39  5:01  Supply Depot  
  39  5:23  Marine x2, Hellion, SCV, Marauder  
  46  5:35  SCV  
Show
View Real Time Build Order
Export as new Build Order

ChAoS Protoss 

Build Orders: 1 Gate Expand 

Get SALT Encoding   

  12  0:08  Probe  
  13  0:22  Probe  
  13  0:25  Pylon  
  14  0:34  Probe  
  15  0:47  Probe  
  15  0:49  Gateway  
  15  0:55  Probe  
  15  0:56  Assimilator  
  17  1:05  Probe  
  18  1:17  Probe  
  18  1:18  Pylon  
  19  1:25  Probe  
  20  1:42  Nexus  
  20  1:45  Probe  
  21  1:57  Probe  
  21  1:59  Cybernetics Core  
  22  2:09  Probe  
  23  2:16  Gateway  
  23  2:21  Probe  
  24  2:36  Shield Battery  
  24  2:37  Probe  
  24  2:42  Shield Battery  
  24  2:44  Stalker, Warp Gate  
  25  2:45  Probe  
  25  2:50  Assimilator  
  28  2:55  Probe  
  28  2:57  Pylon  
  29  3:07  Probe  
  29  3:09  Stalker  
  31  3:20  Probe  
  31  3:28  Probe  
  32  3:49  Zealot x2  
  32  3:50  Probe  
  37  3:56  Probe  
  38  4:03  Probe  
  38  4:08  Probe  
  40  4:15  Probe  
  40  4:16  Adept, Zealot  
  36  5:02  Gateway  
  34  5:08  Gateway  
  21  5:20  Probe  
  11  5:22  Stalker x2  
  5  5:28  Probe  
  4  5:37  Probe  
  4  5:38  Probe  
Show
View Real Time Build Order
Export as new Build Order

bigmacker Terran 

Build Orders:  

Get SALT Encoding   

  12  0:01  SCV  
  13  0:13  SCV  
  14  0:25  Supply Depot, SCV  
  15  0:44  Refinery  
  15  0:47  SCV  
  15  0:48  Barracks  
  16  0:59  SCV  
  18  1:11  SCV  
  18  1:23  SCV  
  19  1:36  Supply Depot  
  19  1:42  Orbital Command  
  19  1:46  Barracks Tech Lab  
  19  2:00  Barracks, Bunker  
  19  2:06  Marauder  
  19  2:08  Concussive Shells  
  21  2:09  SCV  
  22  2:21  SCV  
  23  2:25  Refinery  
  23  2:27  Marine  
  24  2:33  SCV  
  25  2:45  Marine, SCV  
  25  2:46  Factory  
  27  2:57  SCV  
  28  2:58  Barracks Reactor  
  28  3:07  Marine  
  28  3:09  SCV  
  30  3:21  SCV  
  30  3:23  Barracks  
  31  3:37  Marine  
  31  3:41  Supply Depot  
  31  3:46  Supply Depot  
  31  3:51  Marine, Marauder  
  31  3:52  Widow Mine  
  31  3:55  Marine  
  25  4:09  Marine  
  25  4:11  Marine  
  25  4:13  Marine  
  9  4:26  Marine  
  9  4:30  Marauder  
  7  4:35  Widow Mine  
  7  4:39  Bunker  
  6  5:05  Marine  
  4  5:39  SCV  
Tags
 
Add a new tag
Caveats
  • Supply blocks, unpowered buildings, or Contaminate may cause inaccurate times.
  • Supply counts are checked every 10 seconds.